 Dungeon Crawl Stone Soup version 0.27.1-2-g3b301248ec (webtiles) character file.

Game seed: 15121647108543049332

35 AZSletch the Ruffian (level 3, 0/29 HPs)
             Began as a Draconian Transmuter on Oct 1, 2021.
             Slain by a water moccasin (5 damage)
             ... on level 3 of the Dungeon.
             The game lasted 00:03:57 (1491 turns).

AZSletch the Ruffian (Draconian Transmuter)         Turns: 1491, Time: 00:03:58

Health: 0/29       AC:  6    Str: 13    XL:     3   Next: 16%
Magic:  1/6        EV: 12    Int: 13    God:
Gold:   25         SH:  0    Dex: 11    Spells: 3/6 levels left

rFire    . . .     SeeInvis .   d - +0 short sword (speed)
rCold    . . .     Faith    .   (no shield)
rNeg     . . .     Spirit   .   (armour unavailable)
rPois    .         Reflect  .   (helmet currently unavailable)
rElec    .         Harm     .   (no cloak)
rCorr    .         Rampage  .   i - +0 pair of gloves
Will     .....                  (boots currently unavailable)
Stlth    +.........             (no amulet)
HPRegen  0.09/turn              (no ring)
MPRegen  0.10/turn              (no ring)

@: lethally poisoned (0 -> -10), appendages (expiring), wereblooded, very
slightly contaminated
A: horns 2, talons 2, AC +5, unfitting armour, cold-blooded
a: End Transformation


You were on level 3 of the Dungeon.
You had temporarily grown beastly horns and talons.
You visited 1 branch of the dungeon, and saw 3 of its levels.

You collected 85 gold pieces.
You spent 60 gold pieces at shops.

Inventory:

Hand Weapons
 d - a +0 short sword of speed (weapon)
 f - a +0 hunting sling
 g - a +0 hand crossbow
Missiles
 e - 16 stones
Armour
 i - a +0 pair of gloves (worn)
Scrolls
 b - 2 scrolls of identify {unknown}
 c - a scroll of immolation {unknown}
 j - a scroll of enchant armour {unknown}
Potions
 a - a potion of invisibility {unknown}
 h - a potion of heal wounds


   Skills:
 + Level 1.9 Fighting
 + Level 2.2 Dodging
 - Level 3.0 Unarmed Combat
 + Level 2.4 Spellcasting
 + Level 2.5 Transmutations


You had 3 spell levels left.
You knew the following spells:

 Your Spells              Type           Power      Damage    Failure   Level
a - Beastly Appendage     Tmut           16%        N/A       9%          1
b - Wereblood             Tmut           8%         N/A       13%         2

Your spell library contained the following spells:

 Spells                   Type           Power      Damage    Failure   Level
 Slow                     Hex            1%         N/A       36%         2
 Spider Form              Tmut/Pois      2%         N/A       41%         3
 Confusing Touch          Hex            1%         N/A       58%         3
 Ice Form                 Ice/Tmut       4%         N/A       82%         4
 Yara's Violent Unravell  Hex/Tmut       2%         3d3       99%         5


Dungeon Overview and Level Annotations

Branches:
Dungeon (3/15)

Altars:

Shops:
D:1 !(


Innate Abilities, Weirdness & Mutations

You have temporarily grown beastly horns and talons.
Your plain brown scales are hard. (AC +5)
You cannot fit into any form of body armour.
You are cold-blooded and may be slowed by cold attacks.


Message History

A water moccasin is nearby!
The water moccasin hisses angrily.
Casting: Beastly Appendage (safe; 9% risk of failure)
Press: ? - help, Q - select action, (/) - cycle Dir - look around, f - activate
Okay, then.
Casting: Beastly Appendage (safe; 9% risk of failure)
Confirm with . or Enter, or press ? or * to list all spells.
You miscast Beastly Appendage.
You are very lightly contaminated with residual magic.
Nothing appears to happen.
Casting: Beastly Appendage (safe; 9% risk of failure)
Confirm with . or Enter, or press ? or * to list all spells.
You miscast Beastly Appendage.
Nothing appears to happen.
Casting: Beastly Appendage (safe; 9% risk of failure)
Confirm with . or Enter, or press ? or * to list all spells.
You grow a pair of large bovine horns.
Your feet morph into talons.
The water moccasin misses you.
Casting: Beastly Appendage (safe; 9% risk of failure)
Confirm with . or Enter, or press ? or * to list all spells.
Your blood is infused with primal strength.
The water moccasin bites you.
You are lethally poisoned!
The water moccasin poisons you!
You closely miss the water moccasin.
You claw the water moccasin, but do no damage.
You feel very sick. The water moccasin closely misses you.
You barely miss the water moccasin. Your kick misses the water moccasin.
You headbutt the water moccasin.
The water moccasin is lightly wounded.
* * * LOW HITPOINT WARNING * * *
You feel very sick. The water moccasin bites you.
* * * LOW HITPOINT WARNING * * *
You completely miss the water moccasin. Your kick misses the water moccasin.
The water moccasin is lightly wounded.
Your transformation is almost over.
* * * LOW HITPOINT WARNING * * *
You feel sick. The water moccasin bites you.
You die...

# ### ###.# ..#
≈≈≈≈≈.#####.##
≈≈≈≈≈.≈)<....#
≈≈≈≈≈≈.####..#
#≈≈≈≈≈. #...#
##≈≈≈≈≈ #.S@#
.S≈≈≈≈≈......#
.≈≈≈≈≈≈......#
..≈≈≈≈≈.......
..≈≈.≈.#.#..###
≈≈.......
≈≈.#.#..#
..#....


You could see a water moccasin.

Vanquished Creatures
  A gnoll (D:3)
  An adder (D:2)
  A worm (D:2)
  A dart slug (D:2)
  An endoplasm (D:1)
  A hobgoblin (D:1)
  A quokka (D:2)
  2 ball pythons
  A bat (D:2)
  A frilled lizard (D:1)
  2 kobolds (D:1)
  2 rats
15 creatures vanquished.

Notes
Turn   | Place    | Note
-------+----------+-------------------------------------------
     0 | D:1      | AZSletch the Draconian Transmuter began the quest for the
                  | Orb.
     0 | D:1      | Reached XP level 1. HP: 16/16 MP: 3/3
   921 | D:1      | Found Uhalit's Antique Weapon Boutique.
   946 | D:1      | Found Vifyluis's Distillery.
   954 | D:1      | Bought a potion of heal wounds for 60 gold pieces
  1163 | D:2      | Reached XP level 2. HP: 23/23 MP: 3/5
  1169 | D:2      | Learned a level 2 spell: Wereblood
  1343 | D:3      | HP: 1/24 [gnoll (2)]
  1345 | D:3      | Reached XP level 3. HP: 5/29 MP: 2/6
  1479 | D:3      | Noticed a water moccasin
  1491 | D:3      | Slain by a water moccasin

Illustrated notes

Levels and vault maps discovered:
D:1:      giann_wishing_wells, layout_loops_corners, serial_shops, shop_statue,
          shop, corexii_item_surrounded_by_moat, wad_floor_pattern_2,
          roderic_lattice_a
D:2:      layout_basic
D:3:      layout_basic, lemuel_crystal_altar, ebering_ecumenical_altar_hall,
          serial_rivers, chequers_serial_rivers_small_b,
          chequers_serial_rivers_micro_c, chequers_serial_rivers_micro_b,
          chequers_serial_rivers_micro_e, chequers_serial_rivers_large_a,
          uniq_ijyb

Skill      XL: |  1 |
---------------+----+-----
Dodging        | 2 |  2.2
Fighting       | |  1.9
Unarmed Combat | |  3.0
Spellcasting   | |  2.4
Transmutations | |  2.5

Action                   || total
-------------------------++-------
Melee: Unarmed           ||    12
       Short sword       ||    25
       Headbutt          ||     6
       Kick              ||     8
       Tailslap          ||     1
 Cast: Beastly Appendage ||    11
       Wereblood         ||     4
 Stab: Sleeping          ||     1
Armor: Skin              ||     7
Dodge: Dodged            ||    23
